 Dungeon Crawl Stone Soup version 0.23-b1-51-gfe822ef6ca (webtiles) character file.

Game seed: 5565558877229010296

246 LostNumber the Grasshopper (level 6, -1/50 HPs)
             Began as a Gnoll Warper on Feb 3, 2019.
             Was an Initiate of Ashenzari.
             Slain by an iguana (12 damage)
             ... in the Ecumenical Temple.
             The game lasted 00:09:16 (4102 turns).

LostNumber the Grasshopper (Gnoll Warper)           Turns: 4102, Time: 00:09:17

Health: -1/50      AC:  3    Str: 16    XL:     6   Next: 11%
Magic:  11/13      EV: 14    Int: 15    God:    Ashenzari [......]
Gold:   109        SH:  0    Dex: 14    Spells: 1/15 levels left

rFire    . . .     SeeInvis .   a - +0 falchion
rCold    . . .     Gourm    .   (no shield)
rNeg     . . .     Faith    .   b - +0 leather armour
rPois    .         Spirit   .   (no helmet)
rElec    .         Reflect  .   (no cloak)
rCorr    .         Harm     .   (no gloves)
MR       .....                  (no boots)
Stlth    ++........             (no amulet)
HPRegen  0.16/turn              (no ring)
MPRegen  0.13/turn              (no ring)

@: shrouded
A: distributed training, fangs 1, strong nose
a: Curse Item, Renounce Religion


You were in the Ecumenical Temple.
You worshipped Ashenzari.
Ashenzari was noncommittal.
You were hungry.

You visited 2 branches of the dungeon, and saw 5 of its levels.

You collected 109 gold pieces.

Inventory:

Hand Weapons
 a - a +0 falchion (weapon)
Missiles
 e - 5 tomahawks of dispersal (quivered)
Armour
 b - a +0 leather armour (worn)
 o - a +0 shield
Jewellery
 h - an uncursed ring of stealth
 k - an uncursed ring of ice
Scrolls
 d - 2 scrolls of blinking
 g - 2 scrolls of amnesia {unknown}
 l - a scroll of identify {unknown}
 m - 2 scrolls of fear {unknown}
 n - a scroll of fog {unknown}
Potions
 c - 4 potions of degeneration {unknown}
 i - a potion of mutation {unknown}
 j - a potion of curing {unknown}
Comestibles
 f - 3 rations


   Skills:
 + Level 4.9 Fighting
 + Level 1.7 Short Blades
 + Level 4.9 Long Blades
 + Level 1.7 Axes
 + Level 1.7 Maces & Flails
 + Level 1.7 Polearms
 + Level 1.7 Staves
 + Level 1.7 Slings
 + Level 1.7 Bows
 + Level 1.7 Crossbows
 + Level 3.1 Throwing
 + Level 3.1 Armour
 + Level 4.9 Dodging
 + Level 1.7 Stealth
 + Level 1.7 Shields
 + Level 1.7 Unarmed Combat
 + Level 5.3 Spellcasting
 + Level 1.3 Conjurations
 + Level 1.3 Hexes
 + Level 1.3 Charms
 + Level 1.3 Summonings
 + Level 1.3 Necromancy
 + Level 5.6 Translocations
 + Level 1.3 Transmutations
 + Level 1.3 Fire Magic
 + Level 1.3 Ice Magic
 + Level 1.3 Air Magic
 + Level 1.3 Earth Magic
 + Level 1.3 Poison Magic
 + Level 2.0 Invocations
 + Level 1.7 Evocations


You had one spell level left.
You knew the following spells:

 Your Spells              Type           Power        Failure   Level  Hunger
a - Blink                 Tloc           N/A          2%          2    ##.....
b - Shroud of Golubria    Chrm/Tloc      ##........   7%          2    ##.....
c - Lesser Beckoning      Tloc           ###.......   5%          3    ###....
d - Teleport Other        Tloc           ###.....     5%          3    ###....
e - Passage of Golubria   Tloc           N/A          19%         4    ####...

Your spell library contained the following spells:

 Spells                   Type           Power        Failure   Level  Hunger
 Gell's Gravitas          Tloc           ###.......   5%          3    ###....


Dungeon Overview and Level Annotations

Branches:
Dungeon (4/15)             Temple (1/1) D:4

Altars:
Ashenzari
Cheibriados
Dithmenos
Fedhas
Hepliaklqana
Kikubaaqudgha
Makhleb
Qazlal
Sif Muna
Uskayaw
Wu Jian
Xom
Yredelemnul


Innate Abilities, Weirdness & Mutations

Your experience applies equally to all skills.
You have very sharp teeth.
Your uncanny sense of smell can sniff out nearby items.


Message History

You closely miss the iguana. The iguana barely misses you.
You hit the iguana. You bite the iguana, but do no damage.
The iguana is lightly wounded.
The iguana bites you but does no damage.
You hit the iguana.
The iguana is lightly wounded.
The iguana closely misses you.
You barely miss the iguana.
The iguana is lightly wounded.
The iguana bites you!
* * * LOW HITPOINT WARNING * * *
You hit the iguana. You bite the iguana, but do no damage.
The iguana is moderately wounded.
The iguana closely misses you.
You riposte.
You hit the iguana but do no damage.
The iguana is moderately wounded.
You slash the iguana! You bite the iguana, but do no damage.
The iguana is almost dead.
The iguana bites you!
You die...

≈≈≈≈≈≈ ≈≈≈≈≈≈≈≈≈≈≈≈≈
≈ ≈≈≈≈≈≈≈≈≈≈≈≈≈≈ ≈≈
≈≈≈≈≈≈≈≈≈≈≈≈≈ ≈≈≈
###≈≈##.≈#≈≈≈≈ ≈≈≈≈
8._≈.≈_..#≈≈≈ ≈≈≈≈≈
≈.≈.≈..≈...≈##≈≈≈≈≈≈
≈.≈≈≈≈.≈≈.l.)≈≈≈≈≈≈≈
≈≈.......≈.@..≈≈≈≈≈≈
≈.≈....≈..8≈8≈≈≈≈≈≈≈
..≈≈.≈≈≈...###≈≈≈≈≈≈
.._≈.≈_≈.≈≈≈≈≈≈≈≈≈≈≈
.≈#≈≈≈#≈≈≈≈≈≈≈≈≈≈≈≈≈
≈≈≈≈≈≈≈≈≈≈≈≈≈≈≈≈≈≈≈≈
≈≈≈≈≈≈≈≈≈≈≈≈≈≈≈≈≈≈≈≈
≈≈≈ ≈≈≈≈≈≈≈≈≈≈≈≈≈ ≈≈
≈≈≈≈≈≈≈≈≈≈≈≈≈≈


You could see an iguana.

Vanquished Creatures
  2 vampire bats (D:2)
  An orc wizard (D:2)
  5 adders
  3 worms
  3 dart slugs (D:2)
  A leopard gecko (D:2)
  9 orcs
  A ball python (D:3)
  8 bats
  A bat skeleton (D:2)
  5 bat zombies (D:2)
  2 giant cockroaches
  6 goblins
  4 hobgoblins
  4 jackals
  6 kobolds
  A quokka (D:2)
  2 frilled lizards
  6 rats
70 creatures vanquished.

Notes
Turn   | Place    | Note
-------+----------+-------------------------------------------
     0 | D:1      | LostNumber the Gnoll Warper began the quest for the Orb.
     0 | D:1      | Reached XP level 1. HP: 20/20 MP: 6/6
   217 | D:1      | Reached XP level 2. HP: 20/26 MP: 7/7
   238 | D:1      | Learned a level 2 spell: Blink
   241 | D:1      | Learned a level 2 spell: Shroud of Golubria
   984 | D:2      | Reached XP level 3. HP: 2/31 MP: 9/9
  1177 | D:2      | Reached skill level 5 in Spellcasting
  1185 | D:2      | Learned a level 3 spell: Lesser Beckoning
  1189 | D:2      | Learned a level 3 spell: Teleport Other
  1295 | D:2      | Found an ancient bone altar of Kikubaaqudgha.
  1298 | D:2      | Reached skill level 1 in Short Blades
  1298 | D:2      | Reached skill level 1 in Axes
  1298 | D:2      | Reached skill level 1 in Maces & Flails
  1298 | D:2      | Reached skill level 1 in Polearms
  1298 | D:2      | Reached skill level 1 in Staves
  1298 | D:2      | Reached skill level 1 in Slings
  1298 | D:2      | Reached skill level 1 in Bows
  1298 | D:2      | Reached skill level 1 in Crossbows
  1298 | D:2      | Reached skill level 1 in Stealth
  1298 | D:2      | Reached skill level 1 in Shields
  1298 | D:2      | Reached skill level 1 in Unarmed Combat
  1298 | D:2      | Reached skill level 1 in Invocations
  1298 | D:2      | Reached skill level 1 in Evocations
  1298 | D:2      | Reached XP level 4. HP: 29/38 MP: 11/11
  1317 | D:2      | Reached skill level 1 in Conjurations
  1317 | D:2      | Reached skill level 1 in Hexes
  1317 | D:2      | Reached skill level 1 in Charms
  1317 | D:2      | Reached skill level 1 in Summonings
  1317 | D:2      | Reached skill level 1 in Necromancy
  1317 | D:2      | Reached skill level 1 in Transmutations
  1317 | D:2      | Reached skill level 1 in Fire Magic
  1317 | D:2      | Reached skill level 1 in Ice Magic
  1317 | D:2      | Reached skill level 1 in Air Magic
  1317 | D:2      | Reached skill level 1 in Earth Magic
  1317 | D:2      | Reached skill level 1 in Poison Magic
  1386 | D:2      | Reached XP level 5. HP: 10/43 MP: 12/12
  1390 | D:2      | HP: 2/43 [orc/+0 short sword (9)]
  1409 | D:2      | HP: 2/43 [orc/+0 club (3)]
  1737 | D:2      | Found a hide-covered altar of Uskayaw.
  1737 | D:2      | Found a shattered altar of Ashenzari.
  1738 | D:2      | Found a hazy altar of Hepliaklqana.
  1738 | D:2      | Found a stormy altar of Qazlal.
  1739 | D:2      | Found a snail-covered altar of Cheibriados.
  1739 | D:2      | Found a burning altar of Makhleb.
  1739 | D:2      | Found a shimmering altar of Xom.
  1739 | D:2      | Found a shadowy altar of Dithmenos.
  1749 | D:2      | Became a worshipper of Ashenzari the Shackled
  3633 | D:3      | Reached XP level 6. HP: 48/50 MP: 13/13
  3718 | D:4      | Found a staircase to the Ecumenical Temple.
  3999 | D:3      | Learned a level 4 spell: Passage of Golubria
  4029 | Temple   | Entered the Ecumenical Temple
  4102 | Temple   | Slain by an iguana

Skill      XL: |  1  2  3  4  5  6 |
---------------+-------------------+-----
Spellcasting   | 5 |  5.3
Short Blades   | 1 |  1.7
Axes           | 1 |  1.7
Maces & Flails | 1 |  1.7
Polearms       | 1 |  1.7
Staves         | 1 |  1.7
Slings         | 1 |  1.7
Bows           | 1 |  1.7
Crossbows      | 1 |  1.7
Stealth        | 1 |  1.7
Shields        | 1 |  1.7
Unarmed Combat | 1 |  1.7
Invocations    | 1 2 |  2.0
Evocations     | 1 |  1.7
Conjurations   | 1 |  1.3
Hexes          | 1 |  1.3
Charms         | 1 |  1.3
Summonings     | 1 |  1.3
Necromancy     | 1 |  1.3
Transmutations | 1 |  1.3
Fire Magic     | 1 |  1.3
Ice Magic      | 1 |  1.3
Air Magic      | 1 |  1.3
Earth Magic    | 1 |  1.3
Poison Magic   | 1 |  1.3
Throwing       | 3 |  3.1
Armour         | 3 |  3.1
Fighting       | |  4.9
Long Blades    | |  4.9
Dodging        | |  4.9
Translocations | |  5.6

Action                   |  1- 3 |  4- 6 || total
-------------------------+-------+-------++-------
Melee: Falchion          |    68 |   164 ||   232
       Bite              |     7 |    26 ||    33
       Punch             |       |     2 ||     2
 Cast: Shroud of Golubri |       |     6 ||     6
       Blink             |       |     1 ||     1
  Use: Scroll            |       |     1 ||     1
 Stab: Sleeping          |     2 |     1 ||     3
  Eat: Chunk             |     1 |     9 ||    10
Armor: Leather armour    |       |    29 ||    29
Dodge: Dodged            |    75 |   140 ||   215
       Rpst.: Falchion   |    22 |    52 ||    74
